 Dungeon Crawl Stone Soup version 0.16-a0-3493-gd9d85f0 (webtiles) character file.

33 Pikaro the Sneak (level 3, 0/16 HPs)
             Began as a Spriggan Enchanter on Jan 4, 2015.
             Slain by an adder (4 damage)
             ... on level 2 of the Dungeon.
             The game lasted 00:04:36 (2504 turns).

Pikaro the Sneak (Spriggan Enchanter)               Turns: 2504, Time: 00:04:36

Health: 0/16       AC:  3    Str:  4    XL:     3   Next: 12%
Magic:  9/9        EV: 18    Int: 17    God:
Gold:   49         SH:  0    Dex: 16    Spells: 1 memorised, 6 levels left

rFire  . . .     SeeInvis +     a - +1 dagger
rCold  . . .     Clarity  .     b - +1 robe
rNeg   . . .     SustAb   .     (shield restricted)
rPois  +         Gourm    .     (helmet restricted)
rElec  .         Spirit   .     (no cloak)
rCorr  .         Warding  .     (gloves unavailable)
rMut   .         Stasis   .     (boots unavailable)
MR     .....                    (no amulet)
Stlth  +++.......               (no ring)
                                i - ring of poison resistance {rP+, !d}

@: very quick, not resistant to hostile enchantments, fairly stealthy
A: unfitting armour, see invisible, herbivore 3, speed 3, slow metabolism 2
a: no special abilities


You were on level 2 of the Dungeon.
You were not hungry.

You visited 1 branch of the dungeon, and saw 3 of its levels.

You collected 49 gold pieces.

Inventory:

Hand weapons
 a - a +1 dagger (weapon)
Armour
 b - a +1 robe (worn)
Jewellery
 i - a ring of poison resistance (left hand) {rP+, !d}
   (You took it off a goblin on level 2 of the Dungeon)
Scrolls
 h - a scroll of identify {unknown}
Potions
 e - a potion of agility {unknown}
 f - 3 potions of curing {unknown}
 g - a potion of haste {unknown}
Books
 c - a book of Maledictions
Comestibles
 d - a bread ration {@e1}


   Skills:
 + Level 2.6 Short Blades
 - Level 3.0 Dodging
 + Level 5.3 Stealth
 - Level 2.6 Spellcasting
 - Level 3.6 Hexes


You had 6 spell levels left.
You knew the following spells:

 Your Spells              Type           Power        Failure   Level  Hunger
A - Corona                Hex            ##.....      4%          1    #......


Dungeon Overview and Level Annotations

Branches:
Dungeon (3/15)

Altars:
Makhleb


Innate Abilities, Weirdness & Mutations

You are tiny and cannot use many weapons and most armour.
You have supernaturally acute eyesight.
You are a herbivore.
You cover ground extremely quickly.
You need consume almost no food.


Message History

You have reached level 3!
Your experience leads to an increase in your attributes!
Increase (S)trength, (I)ntelligence, or (D)exterity?
You feel clever.
MP restored: 9 You start resting.
A goblin comes into view. It is wielding a dagger.
Total turns waited: 17 You strike the helpless goblin from a blind spot!
You puncture the goblin!
You kill the goblin!
You see here a dagger.
You start resting.
Total turns waited: 3 An adder and a worm come into view.
Warning x2: The adder is fast and can poison!
The worm (sleeping) can hit for moderate damage in melee!
Warning x2: The adder is fast and can poison!
The worm (sleeping) can hit for moderate damage in melee!
You hit the rat but do no damage. The rat barely misses you.
Warning x2: The adder is fast and can poison!
The worm (sleeping) can hit for moderate damage in melee!
You hit the rat. The rat misses you.
Warning x2: The adder is fast and can poison!
The worm (sleeping) can hit for moderate damage in melee!
You barely miss the rat. The rat closely misses you.
Warning x2: The adder is fast and can poison!
The worm (sleeping) can hit for moderate damage in melee!
The rat bites you.
You take 3 damage, and have 7/16 hp.
Warning x2: The adder is fast and can poison!
The worm (sleeping) can hit for moderate damage in melee!
Warning x2: The adder is fast and can poison!
The worm (sleeping) can hit for moderate damage in melee!
The rat bites you.
You take 1 damage, and have 6/16 hp.
Warning x2: The adder is fast and can poison!
The worm can hit for moderate damage in melee!
You hit the rat. The rat completely misses you. The adder misses you.
Warning x2: The adder is fast and can poison!
The worm (wandering) can hit for moderate damage in melee!
Warning x2: The worm can hit for moderate damage in melee!
The adder is fast and can poison! a twisted opal ring; 11 gold pieces
i - a twisted opal ring You now have 49 gold pieces (gained 11).
There is a stone staircase leading down here.
You see here a dagger.
You climb downwards.
A bat comes into view.
There is a stone staircase leading up here.
A rat comes into view.
You see here 12 gold pieces.
The helpless bat fails to defend itself.
You impale the bat!!
You kill the bat!
There is a stone staircase leading up here.
Put on which piece of jewellery? (? for menu, Esc to quit)
i - a ring of poison resistance (left hand)
You start resting.
You regained 5 hp, and now have 13/16 hp.
You start resting.
Health restored: 16 You see here 12 gold pieces.
A rat and a giant cockroach come into view.
Found a burning altar of Makhleb.
A worm and a goblin come into view.
Spoiler Alert: The worm (sleeping) can hit for moderate damage in melee!
There is a stone staircase leading up here.
You hit the goblin. The goblin misses you.
You hit the goblin. You hit the goblin.
You kill the goblin! 12 gold pieces; a goblin corpse Spoiler Alert: The worm (sleeping) can hit for moderate damage in melee!
Spoiler Alert: The worm (sleeping) can hit for moderate damage in melee!
Spoiler Alert: The worm (sleeping) can hit for moderate damage in melee!
Spoiler Alert: The worm (sleeping) can hit for moderate damage in melee!
Spoiler Alert: The worm can hit for moderate damage in melee!
You hit the giant cockroach but do no damage.
The giant cockroach bites you.
You take 1 damage, and have 15/16 hp.
You closely miss the giant cockroach.
The giant cockroach completely misses you.
You closely miss the giant cockroach. The giant cockroach closely misses you.
Spoiler Alert: The worm can hit for moderate damage in melee!
You hit the giant cockroach but do no damage.
The giant cockroach misses you.
You closely miss the giant cockroach. The giant cockroach misses you.
You hit the giant cockroach.
The giant cockroach waves its antennae.
The giant cockroach misses you.
Spoiler Alert: The worm can hit for moderate damage in melee!
You closely miss the giant cockroach.
The giant cockroach bites you but does no damage.
You hit the giant cockroach. The giant cockroach barely misses you.
You hit the giant cockroach.
You kill the giant cockroach!
You hit the worm but do no damage.
Spoiler Alert: The worm can hit for moderate damage in melee!
You hit the worm. The worm bites you!
You take 7 damage, and have 8/16 hp.
MASSIVE DAMAGE!! 12 gold pieces; a goblin corpse
There is a stone staircase leading up here.
You climb upwards.
The adder bites you.
* * * LOW HITPOINT WARNING * * *
The adder bites you.
You die...

##.....#.....#...# ##.##
..#####<.......(.....#.###...#
.............................#
#.####...............#####...#
#..##..............(.# ##.##
####...................# ###
......##............)..####..##
..##.............S....#.......#
#.#.........<...@....#..###..##
........#..####..#####.##
#.......##..###..####..#
.............รท........##
........#.#.#.#.#..####
...)...............#
.#.....##.##+##.####
..........# #.. ........#.+
+.###


You could see an adder.

Vanquished Creatures
  An adder (D:2)
  An ooze (D:1)
  2 bats
  7 goblins
  3 kobolds
  3 giant cockroaches
  A giant gecko (D:1)
  2 giant newts (D:2)
  5 rats
25 creatures vanquished.

Vanquished Creatures (others)
  4 toadstools (D:1)
4 creatures vanquished.

Grand Total: 29 creatures vanquished

Notes
Turn   | Place    | Note
--------------------------------------------------------------
     0 | D:1      | Pikaro, the Spriggan Enchanter, began the quest for the Orb.
     0 | D:1      | Reached XP level 1. HP: 9/9 MP: 4/4
   556 | D:1      | Reached XP level 2. HP: 10/13 MP: 7/7
  1109 | D:1      | Reached skill level 5 in Stealth
  1618 | D:2      | Reached skill level 2 in Short Blades
  1880 | D:2      | HP: 3/13 [worm (10)]
  2225 | D:2      | Reached XP level 3. HP: 9/16 MP: 9/9
  2471 | D:3      | Found a burning altar of Makhleb.
  2504 | D:2      | HP: 4/16 [adder (4)]
  2504 | D:2      | Slain by an adder

Action                   || total
-------------------------++-------
Melee: Dagger            ||   100
 Stab: Sleeping          ||     3
       Distracted        ||     2

Vault maps used:
D:1:      ldierk_walled_garden_2
D:2:      minmay_misc_feat_doors
D:3:      overflow_temple_1_default, first_bread

Table legend:
 A = Turns spent in this place as a percentage of turns spent in the entire game.
 B = Non-inter-level travel turns spent in this place as a percentage of non-inter-level travel turns spent in the entire game.
 C = Inter-level travel turns spent in this place as a percentage of turns spent in this place.
 D = Turns resting spent in this place as a percentage of non-inter-level travel turns spent in this place.
 E = Turns spent auto-exploring this place as a percentage of non-inter-level travel turns spent in this place.
 F = Non-inter-level travel turns spent in this place divided by the number of levels of this place that you've seen.
                   A       B       C       D       E      F
               +-------+-------+-------+-------+-------+----------------------
         Total | 100.0 | 100.0 |   0.9 |   5.1 |   4.1 | 144.7
       Dungeon | 100.0 | 100.0 |   0.9 |   5.1 |   4.1 | 144.7
               +-------+-------+-------+-------+-------+----------------------

Table legend:
 A = Kills in this place as a percentage of kills in entire the game.
 B = Kills by you in this place as a percentage of kills by you in the entire game.
 C = Kills by friends in this place as a percentage of kills by friends in the entire game.
 D = Other kills in this place as a percentage of other kills in the entire game.
 E = Experience gained in this place as a percentage of experience gained in the entire game.
 F = Experience gained in this place divided by the number of levels of this place that you have seen.
                   A       B       C       D       E      F
               +-------+-------+-------+-------+-------+----------------------
         Total | 100.0 | 100.0 |  -nan |  -nan | 100.0 |  16.0
       Dungeon | 100.0 | 100.0 |  -nan |  -nan | 100.0 |  16.0
               +-------+-------+-------+-------+-------+----------------------
